 Dungeon Crawl Stone Soup version 0.23.2-30-g0e89c35 (webtiles) character file.

Game seed: 7088167306765148528

35 pikmin25 the Ruffian (level 3, -1/28 HPs)
             Began as a Draconian Transmuter on June 15, 2019.
             Killed from afar by a white imp (5 damage)
             ... with a puff of frost
             ... summoned by Natasha
             ... on level 2 of the Dungeon.
             The game lasted 00:09:36 (1267 turns).

pikmin25 the Ruffian (Draconian Transmuter)         Turns: 1267, Time: 00:09:37

Health: -1/28      AC:  5    Str: 13    XL:     3   Next: 16%
Magic:  5/6        EV: 12    Int: 13    God:
Gold:   41         SH:  0    Dex: 11    Spells: 5/6 levels left

rFire    . . .     SeeInvis .     - Unarmed
rCold    . . .     Gourm    .   (no shield)
rNeg     . . .     Faith    .   (armour unavailable)
rPois    .         Spirit   .   (helmet restricted)
rElec    .         Reflect  .   (no cloak)
rCorr    .         Harm     .   (no gloves)
MR       .....                  (no boots)
Stlth    +.........             (no amulet)
HPRegen  0.09/turn              (no ring)
MPRegen  0.10/turn              (no ring)

@: appendage
A: unfitting armour, horns 2, cold-blooded, AC +5
a: End Transformation


You were on level 2 of the Dungeon.
You were not hungry.
You had grown temporary horns.
You visited 1 branch of the dungeon, and saw 2 of its levels.

You collected 41 gold pieces.

Inventory:

Hand Weapons
 b - a +0 short sword
 g - a +2 short sword of speed
Missiles
 a - 56 arrows
 h - 26 stones (quivered)
 n - 20 poisoned needles
Armour
 p - a +0 pair of boots
 q - a +0 leather armour
Jewellery
 f - an uncursed ring of resist corrosion {unknown}
Scrolls
 d - a scroll of immolation {unknown}
 e - a scroll of blinking {unknown}
 i - a scroll of noise {unknown}
 l - a scroll of teleportation {unknown}
 m - a scroll of magic mapping {unknown}
 r - a scroll of identify {unknown}
Potions
 k - a potion of agility
 o - a potion of brilliance {unknown}
Comestibles
 c - 4 rations


   Skills:
 + Level 1.4 Fighting
 + Level 2.0 Dodging
 * Level 3.4 Unarmed Combat
 + Level 2.2 Spellcasting
 * Level 2.5 Transmutations


You had 5 spell levels left.
You knew the following spells:

 Your Spells              Type           Power        Failure   Level  Hunger
a - Beastly Appendage     Tmut           #.....       9%          1    ##.....

Your spell library contained the following spells:

 Spells                   Type           Power        Failure   Level  Hunger
 Sticks to Snakes         Tmut           #.......     13%         2    ###....
 Spider Form              Tmut/Pois      #.........   41%         3    ####...
 Ice Form                 Ice/Tmut       #.......     82%         4    #####..
 Blade Hands              Tmut           #.........   94%         5    ######.


Dungeon Overview and Level Annotations

Branches:
Dungeon (2/15)

Altars:
Okawaru

Annotations:
D:2 Natasha


Innate Abilities, Weirdness & Mutations

Your plain brown scales are hard. (AC +5)
You cannot fit into any form of body armour.
You are cold-blooded and may be slowed by cold attacks.
You have a pair of horns on your head.


Message History

You closely miss Natasha. You headbutt Natasha.
Natasha is severely wounded.
The white imp gestures at you. The puff of frost hits you!
Natasha barely misses you.
You hit Natasha.
Natasha is almost dead.
The white imp gestures at you. The puff of frost hits you. Natasha claws you.
* * * LOW HITPOINT WARNING * * *
Okay, then.
You miss Natasha.
Natasha is almost dead.
The white imp hits you but does no damage.
Natasha claws you.
* * * LOW HITPOINT WARNING * * *
You closely miss Natasha.
Natasha is almost dead.
The white imp gestures at you. The puff of frost hits you.
You die...

#r# .. #.# #.# #.#
#.# #.# ## #.# #.#
....#.# #.#
..#.#.# #.#
###.#.#.#####.####
............5@...#
##.#.#.#####h##..#
#.#.#.# #.# .#
######.#.#.#####.#
#
..................
######.#...#####.#
#.##### #.. #.#
#.. #.#


You could see Natasha and a white imp.

Vanquished Creatures
  3 leopard geckos
  2 giant cockroaches
  4 goblins
  2 hobgoblins (D:2)
  3 jackals (D:1)
  A quokka (D:2)
  5 bats
  5 frilled lizards (D:1)
  3 kobolds
  4 rats
32 creatures vanquished.

Notes
Turn   | Place    | Note
-------+----------+-------------------------------------------
     0 | D:1      | pikmin25 the Draconian Transmuter began the quest for the
                  | Orb.
     0 | D:1      | Reached XP level 1. HP: 16/16 MP: 3/3
    12 | D:1      | Found an iron altar of Okawaru.
   292 | D:1      | Reached XP level 2. HP: 19/23 MP: 5/5
  1004 | D:2      | Reached XP level 3. HP: 16/28 MP: 4/6
  1256 | D:2      | Noticed Natasha
  1267 | D:2      | Killed from afar by a white imp

Skill      XL: |  1  2 |
---------------+-------+-----
Dodging        | 2 |  2.0
Fighting       | |  1.4
Unarmed Combat | |  3.4
Spellcasting   | |  2.2
Transmutations | |  2.5

Action                   || total
-------------------------++-------
Melee: Unarmed           ||   113
       Short sword       ||     7
       Tailslap          ||    12
       Punch             ||     1
       Headbutt          ||     3
       Kick              ||     1
 Cast: Beastly Appendage ||    10
  Use: Potion            ||     1
  Eat: Chunk             ||     1
Armor: Skin              ||    25
Dodge: Dodged            ||    87
